 Dungeon Crawl Stone Soup version 0.30.1-4-g462c640d31 (webtiles) character file.

Game seed: 3824706917831918692

441 Logoto the Firebug (level 6, -10/47 HPs)
             Began as a Draconian Fire Elementalist on Aug 21, 2023.
             Killed by divine providence
             ... invoked by an orc priest
              (12 damage)
             ... on level 4 of the Dungeon.
             The game lasted 00:13:37 (3992 turns).

Logoto the Firebug (Draconian Fire Elementalist)    Turns: 3992, Time: 00:13:38

Health: -10/47     AC:  9    Str: 12    XL:     6   Next: 71%
Magic:  0/11       EV: 12    Int: 16    God:
Gold:   194        SH:  0    Dex: 11    Spells: 9/12 levels left

rFire   . . .        l - +4 dagger
rCold   . . .        (no shield)
rNeg    . . .        (body armour unavailable)
rPois   .            (helmet restricted)
rElec   .            j - +1 cloak
rCorr   .            d - +0 pair of gloves
SInv    .            (no boots)
Will    .....        (no amulet)
Stlth   ++           (no ring)
HPRegen 0.27/turn    (no ring)
MPRegen 0.12/turn

%: no passive effects
@: no status effects
A: AC +6, unfitting armour, cold-blooded
a: no special abilities


You were on level 4 of the Dungeon.
You visited 1 branch of the dungeon, and saw 4 of its levels.

You collected 194 gold pieces.

Inventory:

Hand Weapons
 l - a +4 dagger (weapon)
Armour
 d - a +0 pair of gloves (worn)
 j - a +1 cloak (worn)
Scrolls
 b - 3 scrolls of identify {unknown}
 c - a scroll of immolation {unknown}
 f - a scroll of teleportation {unknown}
 g - 2 scrolls of magic mapping {unknown}
 k - 3 scrolls of poison {unknown}
 m - a scroll of enchant weapon {unknown}
 n - a scroll of torment {unknown}
 q - a scroll of fear {unknown}
 r - a scroll of fog {unknown}
 s - a scroll of noise {unknown}
Potions
 a - a potion of magic
 e - a potion of might {unknown}
 h - 3 potions of curing {unknown}
 i - a potion of flight {unknown}
 o - a potion of resistance {unknown}
 p - a potion of haste {unknown}


   Skills:
 + Level 1.3 Fighting
 + Level 2.2 Short Blades
 + Level 2.8 Dodging
 + Level 2.5 Stealth
 + Level 0.4 Unarmed Combat
 + Level 3.7 Spellcasting
 + Level 1.6 Conjurations
 + Level 4.7 Fire Magic


You had 9 spell levels left.
You knew the following spells:

 Your Spells              Type           Power      Damage    Failure   Level
a - Foxfire               Conj/Fire      52%        2x1d6     4%          1
b - Scorch                Fire           36%        2d7       3%          2

Your spell library contained the following spells:

 Spells                   Type           Power      Damage    Failure   Level
 Inner Flame              Hex/Fire       10%        N/A       19%         3
 Volatile Blastmotes      Fire/Tloc      20%        2d11      19%         3
 Flame Wave               Conj/Fire      13%        2d6       43%         4
 Ozocubu's Armour         Ice            3%         N/A       45%         3
 Summon Cactus Giant      Summ           1%         N/A       100%        6
 Ozocubu's Refrigeration  Ice            1%         4d7       100%        7


Dungeon Overview and Level Annotations

Branches:
Dungeon (4/15)
 Temple: D:4-7

Altars:

Shops:
D:3 [


Innate Abilities, Weirdness & Mutations

Your plain brown scales are hard. (AC +6)
You cannot fit into any form of body armour.
You are cold-blooded and may be slowed by cold attacks.


Message History

The orc priest is moderately wounded.
The foxfire hits the orc priest but does no damage.
The orc priest is moderately wounded.
Casting: Foxfire (safe; 4% risk of failure)
Confirm with . or Enter, or press ? or * to list all spells.
Flames lash the orc priest.
The orc priest is severely wounded.
The orc priest's fire resistance burns away.
The orc priest miscasts a cantrip.
Casting: Scorch (safe; 3% risk of failure)
Confirm with . or Enter, or press ? or * to list all spells.
Flames lash the orc priest.
The orc priest is burned terribly!
The orc priest is almost dead.
Casting: Scorch (safe; 3% risk of failure)
Confirm with . or Enter, or press ? or * to list all spells.
You miscast Foxfire.
You are very lightly contaminated with residual magic.
Nothing appears to happen.
The orc priest looks braver for a moment.
Casting: Foxfire (safe; 4% risk of failure)
Confirm with . or Enter, or press ? or * to list all spells.
Flames lash the orc.
You kill the orc!
The orc misses you.
The orc priest calls upon Beogh to heal the orc.
The orc's wounds heal themselves!
The orc hits you with a +0 mace.
The orc priest mumbles some strange prayers to Beogh against you.
Beogh smites you!
* * * LOW HITPOINT WARNING * * *
Casting: Scorch (safe; 3% risk of failure)
Confirm with . or Enter, or press ? or * to list all spells.
Flames lash the orc but do no damage.
The orc priest is no longer more vulnerable to fire.
The orc hits you with a +0 mace!
* * * LOW HITPOINT WARNING * * *
Your magical contamination has completely faded away.
The orc priest mumbles some strange prayers to Beogh against you.
Beogh smites you!
You die...

##..#..# #...)#.# #
#$...# #.#).$.#
#####.#.)..#
...........#
#######....#
#....o.o...#
#..(@#...#.#
#....#..#..#
###....##.#..#
#......##..##.. .#.
#.##...##.......
...## #........###.
#.#
.....#######.........
.#
......>.###....######
........##....#


You could see an orc priest and an orc.

Vanquished Creatures
  An ogre (D:3)
  A scorpion (D:4)
  Crazy Yiuf (D:3)
  Jessica (D:3)
  An iguana (D:3)
  Natasha (D:3)
  Robin (D:1)
  5 gnolls
  6 adders
  A dart slug (D:1)
  2 orcs (D:4)
  A ball python (D:1)
  2 endoplasms
  6 giant cockroaches
  14 goblins
  8 hobgoblins
  6 jackals (D:1)
  6 kobolds
  2 quokkas
  7 bats
  2 frilled lizards (D:1)
  5 rats
80 creatures vanquished.

Vanquished Creatures (others)
  81 foxfires
81 creatures vanquished.

Grand Total: 161 creatures vanquished

Notes
Turn   | Place    | Note
-------+----------+-------------------------------------------
     0 | D:1      | Logoto the Draconian Fire Elementalist began the quest for
                  | the Orb.
     0 | D:1      | Reached XP level 1. HP: 14/14 MP: 3/3
   293 | D:1      | Reached XP level 2. HP: 20/20 MP: 5/5
   296 | D:1      | Learned a level 2 spell: Scorch
   859 | D:1      | Reached XP level 3. HP: 26/26 MP: 3/6
  1355 | D:2      | Noticed Robin
  1521 | D:1      | Killed Robin
  1818 | D:2      | Reached XP level 4. HP: 33/33 MP: 7/7
  1886 | D:2      | Reached skill level 4 in Fire Magic
  2374 | D:3      | Reached skill level 1 in Short Blades
  2490 | D:3      | Noticed Jessica
  2495 | D:3      | Killed Jessica
  2496 | D:3      | Reached XP level 5. HP: 39/39 MP: 3/9
  2698 | D:3      | Found Agguul's Antique Armour Emporium.
  3051 | D:3      | Noticed Natasha
  3055 | D:3      | Killed Natasha
  3056 | D:3      | Reached skill level 1 in Fighting
  3208 | D:3      | Found a runed translucent door.
  3209 | D:3      | Noticed Crazy Yiuf
  3214 | D:3      | Killed Crazy Yiuf
  3418 | D:4      | Noticed an ogre
  3496 | D:4      | Reached XP level 6. HP: 28/47 MP: 1/10
  3991 | D:4      | HP: 2/47 [orc/+0 mace (7)]
  3992 | D:4      | Killed from afar by an orc priest

Illustrated notes

Levels and vault maps discovered:
D:1:      lemuel_arrival_broad_hall, layout_basic
D:2:      minmay_alternating_diamond, layout_loops_cross, uniq_robin
D:3:      layout_loops_ring, serial_shops, shop,
          nicolae_concentric_dashed_squares_mild, uniq_crazy_yiuf_cottage,
          uniq_natasha, uniq_jessica
D:4:      layout_basic, nicolae_ossuary_entry_plus, minmay_curled_crystal,
          st_stairs_3, minmay_misc_feat_tiny

Skill      XL: |  1  2  3  4  5  6 |
---------------+-------------------+-----
Dodging        | 2 |  2.8
Fire Magic     | 4 |  4.7
Stealth        | 2 |  2.5
Short Blades   | 1 2 |  2.2
Fighting       | 1 |  1.3
Spellcasting   | 3 |  3.7
Unarmed Combat | |  0.4
Conjurations   | |  1.6

Action                     |  1- 3 |  4- 6 || total
---------------------------+-------+-------++-------
  Melee: Unarmed           |    27 |       ||    27
         Tailslap          |    10 |     7 ||    17
         Short sword       |    57 |       ||    57
         Dagger            |    13 |    64 ||    77
   Cast: Foxfire           |    33 |    21 ||    54
         Scorch            |    12 |    28 ||    40
   Stab: Sleeping          |       |     2 ||     2
 Armour: Skin              |    63 |    19 ||    82
  Dodge: Dodged            |   107 |    54 ||   161
